[ AOE2 MATCH · #494186308 ]
UnrankedCelts vs Mongols
Player's team · LOSS
Rival team · WIN
[ REPLAY ANALYSIS · EXTRACTED FROM THE RECORDED GAME ]
Feudal
—
Castle
—
Imperial
—
| APM avg | 62.8 |
| APM peak | 106 |
| eAPM avg | 32.9 |
| Villagers / military | 53 / 0 |
Focus
⚔️ 16.7% · 🌾 83.3%
Feudal
9:09
Castle
—
Imperial
—
| APM avg | 54.2 |
| APM peak | 104 |
| eAPM avg | 19.0 |
| Villagers / military | 27 / 5 |
Focus
⚔️ 26.9% · 🌾 73.1%
Archer ×5
Match map
Initial resources + every placement click. Lines = walls · curves = elevation contours. ◆ gold · ⬟ stone · ● berries · ✦ relic · ◌ wall gap
Your base· Open — 14t gap
El_mexicano_S's base· Open — 6t gap
Smoothed initial terrain · ◌ = detected wall gap · hover for details
Inputs per minute
— LGN.Chelito_SM - - El_mexicano_S
Build order — LGN.Chelito_SM
67 actions detected in the replay
| 0:06 | Build | Town Center |
| 1:08 | Create | Villager (Male) |
| 1:08 | Create | Villager (Male) |
| 1:08 | Create | Villager (Male) |
| 1:08 | Create | Villager (Male) |
| 1:09 | Create | Villager (Male) |
| 2:00 | Create | Villager (Male) |
| 2:00 | Create | Villager (Male) |
| 2:21 | Build | Lumber Camp |
| 2:27 | Create | Villager (Male) |
| 2:27 | Create | Villager (Male) |
| 2:28 | Create | Villager (Male) |
| 2:42 | Research | Loom |
| 3:21 | Create | Villager (Male) |
| 3:21 | Create | Villager (Male) |
| 3:22 | Create | Villager (Male) |
| 3:22 | Create | Villager (Male) |
| 3:43 | Create | Villager (Male) |
| 3:44 | Create | Villager (Male) |
| 4:01 | Create | Villager (Male) |
| 4:01 | Create | Villager (Male) |
| 4:01 | Create | Villager (Male) |
| 4:46 | Build | House |
| 4:49 | Create | Villager (Male) |
| 4:49 | Create | Villager (Male) |
| 4:50 | Create | Villager (Male) |
| 6:13 | Create | Villager (Male) |
| 6:14 | Create | Villager (Male) |
| 6:14 | Create | Villager (Male) |
| 6:14 | Create | Villager (Male) |
| 6:14 | Create | Villager (Male) |
| 6:17 | Build | House |
| 6:48 | Create | Villager (Male) |
| 6:48 | Create | Villager (Male) |
| 6:53 | Build | Mill |
| 7:44 | Build | Town Center |
| 8:35 | Build | House |
| 8:42 | Create | Villager (Male) |
| 8:42 | Create | Villager (Male) |
| 8:42 | Create | Villager (Male) |
| 8:42 | Create | Villager (Male) |
| 8:43 | Create | Villager (Male) |
| 9:33 | Build | Mill |
| 9:42 | Create | Villager (Male) |
| 9:42 | Create | Villager (Male) |
| 10:39 | Create | Villager (Male) |
| 10:40 | Create | Villager (Male) |
| 10:57 | Create | Villager (Male) |
| 11:27 | Create | Villager (Male) |
| 11:27 | Create | Villager (Male) |
| 11:38 | Create | Villager (Male) |
| 11:38 | Create | Villager (Male) |
| 11:57 | Create | Villager (Male) |
| 11:57 | Create | Villager (Male) |
| 11:57 | Create | Villager (Male) |
| 12:23 | Build | Palisade Gate |
| 12:58 | Create | Villager (Male) |
| 12:58 | Create | Villager (Male) |
| 13:12 | Create | Villager (Male) |
| 13:12 | Create | Villager (Male) |
| 13:12 | Create | Villager (Male) |
| 13:54 | Create | Villager (Male) |
| 13:54 | Create | Villager (Male) |
| 13:56 | Build | House |
| 14:18 | Build | Town Center |
| 14:40 | Build | Town Center |
| 15:05 | Build | Town Center |
Build order — El_mexicano_S
52 actions detected in the replay
| 0:10 | Build | Town Center |
| 1:09 | Create | Villager (Male) |
| 1:09 | Create | Villager (Male) |
| 1:10 | Create | Villager (Male) |
| 1:10 | Create | Villager (Male) |
| 1:10 | Create | Villager (Male) |
| 2:07 | Build | Lumber Camp |
| 2:10 | Create | Villager (Male) |
| 2:11 | Create | Villager (Male) |
| 2:32 | Create | Villager (Male) |
| 2:32 | Create | Villager (Male) |
| 2:52 | Create | Villager (Male) |
| 3:04 | Create | Villager (Male) |
| 3:04 | Create | Villager (Male) |
| 3:24 | Create | Villager (Male) |
| 3:58 | Create | Villager (Male) |
| 3:58 | Create | Villager (Male) |
| 3:59 | Create | Villager (Male) |
| 4:01 | Build | Mill |
| 4:55 | Create | Villager (Male) |
| 5:26 | Create | Villager (Male) |
| 5:50 | Build | House |
| 6:09 | Build | House |
| 6:18 | Research | Loom |
| 6:39 | Research | Feudal Age |
| 6:44 | Build | Mining Camp |
| 7:00 | Build | Barracks |
| 7:12 | Build | House |
| 8:37 | Build | House |
| 8:47 | Create | Villager (Male) |
| 9:09 | Age | Feudal Age |
| 9:17 | Build | Archery Range |
| 9:23 | Create | Villager (Male) |
| 9:55 | Create | Villager (Male) |
| 10:07 | Build | House |
| 10:15 | Create | Archer |
| 10:33 | Build | Palisade Gate |
| 10:34 | Build | Palisade Wall |
| 10:56 | Create | Villager (Male) |
| 10:59 | Create | Archer |
| 11:16 | Build | House |
| 11:20 | Create | Archer |
| 11:23 | Research | Double-Bit Axe |
| 11:25 | Create | Villager (Male) |
| 11:53 | Create | Villager (Male) |
| 12:05 | Create | Archer |
| 12:24 | Create | Villager (Male) |
| 13:32 | Build | Town Center |
| 14:20 | Create | Villager (Male) |
| 14:20 | Create | Villager (Male) |
| 14:29 | Build | House |
| 14:59 | Create | Archer |
Match timeline
| 7:00 | El_mexicano_S · first_building Barracks |
| 9:09 | El_mexicano_S · age_up feudal |
| 9:17 | El_mexicano_S · first_building Archery Range |
| 10:34 | El_mexicano_S · wall_segment Palisade Wall x1 |
| 15:23 | LGN.Chelito_SM · resign |
[ AI ANALYSIS · 1 CREDIT ]
What really happened in this match?
Wolo.gg analyzes every decision: build order, eco, micro, common mistakes by bracket. Personalized analysis on WhatsApp or Discord in 30 seconds.
Civ guide
Celts
Perfil
LGN.Chelito_SM